 Dungeon Crawl Stone Soup version 0.25.0-11-g1f837a76a1 (webtiles) character file.

Game seed: 16403798480071691553

212 VeryBadPlayer the Changer (level 5, -4/34 HPs)
             Began as an Octopode Transmuter on June 26, 2020.
             Slain by a gnoll
             ... wielding a +0 spear
              (9 damage)
             ... on level 4 of the Dungeon.
             The game lasted 00:05:36 (3044 turns).

VeryBadPlayer the Changer (Octopode Transmuter)     Turns: 3044, Time: 00:05:36

Health: -4/34      AC:  1    Str:  9    XL:     5   Next: 90%
Magic:  8/9        EV: 14    Int: 16    God:
Gold:   192        SH:  0    Dex: 13    Spells: 8/9 levels left

rFire    + . .     SeeInvis .   i - +1 dagger (venom)
rCold    . . .     Gourm    .   (no shield)
rNeg     . . .     Faith    .   (helmet restricted)
rPois    .         Spirit   .   (no amulet)
rElec    .         Reflect  .   o - ring of protection from fire
rCorr    .         Harm     .   (no ring)
MR       .....                  (no ring)
Stlth    ++........             (no ring)
HPRegen  0.11/turn              (no ring)
MPRegen  0.11/turn              (no ring)
                                (no ring)
                                (no ring)

@: appendage
A: almost no armour, stealthy swim, amphibious, 8 rings, constrict 8, tentacle
spike 3, camouflage 1, gelatinous body 1
a: End Transformation


You were on level 4 of the Dungeon.
You were not hungry.
One of your tentacles had a temporary spike.
You visited 1 branch of the dungeon, and saw 4 of its levels.

You collected 192 gold pieces.

Inventory:

Hand Weapons
 i - a +1 dagger of venom (weapon)
Missiles
 a - 72 arrows
Jewellery
 o - a ring of protection from fire (left tentacle)
Wands
 t - a wand of paralysis (2)
Scrolls
 d - 2 scrolls of immolation {unknown}
 f - 2 scrolls of enchant armour {unknown}
 g - 4 scrolls of identify {unknown}
 h - a scroll of amnesia {unknown}
 n - a scroll of noise {unknown}
 p - 5 scrolls of remove curse
 r - a scroll of fear {unknown}
 s - a scroll of magic mapping {unknown}
Potions
 e - a potion of flight
 j - a potion of resistance
 k - a potion of degeneration {unknown}
 l - a potion of haste {unknown}
 m - a potion of ambrosia
Comestibles
 b - a chunk of flesh
 c - 4 rations


   Skills:
 + Level 2.2 Fighting
 + Level 3.0 Dodging
 + Level 3.7 Unarmed Combat
 + Level 2.8 Spellcasting
 * Level 3.8 Transmutations


You had 8 spell levels left.
You knew the following spells:

 Your Spells              Type           Power        Failure   Level  Hunger
a - Beastly Appendage     Tmut           ##....       4%          1    #......

Your spell library contained the following spells:

 Spells                   Type           Power        Failure   Level  Hunger
 Sticks to Snakes         Tmut           ##......     6%          2    ##.....
 Spider Form              Tmut/Pois      #.........   26%         3    ###....
 Ice Form                 Ice/Tmut       #.......     65%         4    #####..
 Blade Hands              Tmut           ##........   73%         5    ######.


Dungeon Overview and Level Annotations

Branches:
Dungeon (4/15)
 Temple: D:4-7

Altars:
Makhleb
Zin


Innate Abilities, Weirdness & Mutations

You cannot wear most types of armour.
You are very stealthy in the water. (Stealth+)
You are amphibious.
You can wear up to eight rings at the same time.
You can use your tentacles to constrict eight enemies at once.
Your skin changes colour to match your surroundings (Stealth+).
Your rubbery body absorbs attacks. (AC +1, EV +1)
One of your tentacles bears a large vicious spike.


Message History

You hit the gnoll.
The gnoll looks as sick as possible!
You grab the gnoll.
The gnoll is lightly wounded.
You constrict the gnoll. The gnoll barely misses you. x2
You hit the gnoll but do no damage.
The gnoll is heavily wounded.
You constrict the gnoll. The gnoll hits you but does no damage.
The gnoll hits you.
* * * LOW HITPOINT WARNING * * *
Unknown command.
You hit the gnoll.
The gnoll looks as sick as possible!
You squeeze the gnoll.
The gnoll is almost dead.
You constrict the gnoll, but do no damage.
You kill the gnoll!
The gnoll hits you but does no damage.
Unknown command.
The gnoll hits you with a cursed -3 spear.
* * * LOW HITPOINT WARNING * * *
The gnoll barely misses you.
The gnoll hits you from afar with a +0 spear!
You die...

...... #.#
...... #.#
... # #.#
...#.#+#.#
.........#
.........##
..........##
...........#
##########@#
......gg.#
...#!.g#.#
.........#
...#...###
.......
#######


You could see 3 gnolls.

Vanquished Creatures
  A howler monkey (D:4)
  An orc wizard (D:3)
  5 gnolls (D:4)
  2 adders
  5 worms
  2 dart slugs (D:2)
  2 leopard geckos
  7 orcs
  3 giant cockroaches (D:2)
  2 hobgoblins (D:1)
  3 jackals (D:3)
  2 quokkas (D:4)
  7 bats
  5 frilled lizards
  7 goblins
  4 kobolds
  A leopard gecko skeleton (D:4)
  2 rats (D:2)
61 creatures vanquished.

Notes
Turn   | Place    | Note
-------+----------+-------------------------------------------
     0 | D:1      | VeryBadPlayer the Octopode Transmuter began the quest for
                  | the Orb.
     0 | D:1      | Reached XP level 1. HP: 13/13 MP: 3/3
   254 | D:1      | Reached XP level 2. HP: 18/18 MP: 5/5
   740 | D:2      | Reached XP level 3. HP: 23/23 MP: 6/6
  1558 | D:3      | HP: 1/23 [poisoned by a kobold]
  1576 | D:3      | Reached XP level 4. HP: 22/28 MP: 4/7
  2057 | D:3      | Found a glowing silver altar of Zin.
  2356 | D:4      | Reached XP level 5. HP: 34/34 MP: 6/8
  2979 | D:4      | Found a burning altar of Makhleb.
  3044 | D:4      | Slain by a gnoll

Illustrated notes

Levels and vault maps discovered:
D:1:      wander_arrival_peaceful_grave, layout_loops_cross,
          minmay_misc_feat_iff
D:2:      layout_basic, first_ration, roderic_roman_lattice
D:3:      layout_loops_cross, old_standard_altar
D:4:      layout_basic, lemuel_coloured_pillars_altar, kennysheep_mini_moat,
          serial_shops, kennysheep_little_box, chequers_serial_rivers_room_a,
          hangedman_abyss_or_decor_passed

Skill      XL: |  1  2  3  4  5 |
---------------+----------------+-----
Transmutations | 3 |  3.8
Fighting       | 2 |  2.2
Dodging        | 3 |  3.0
Unarmed Combat | |  3.7
Spellcasting   | |  2.8

Action                   |  1- 3 |  4- 6 || total
-------------------------+-------+-------++-------
Melee: Unarmed           |     6 |       ||     6
       Constrict         |    21 |    24 ||    45
       Dagger            |    55 |    70 ||   125
       Punch             |     2 |     1 ||     3
       Tentacles         |     7 |    18 ||    25
       Kick              |       |     5 ||     5
 Cast: Beastly Appendage |     1 |     4 ||     5
Evoke: Wand              |       |     2 ||     2
  Use: Potion            |     6 |       ||     6
       Scroll            |       |     1 ||     1
 Stab: Sleeping          |    14 |     7 ||    21
       Paralysed         |       |     1 ||     1
  Eat: Chunk             |     2 |     2 ||     4
       Ration            |       |     1 ||     1
Armor: Skin              |     7 |     2 ||     9
Dodge: Dodged            |    48 |    47 ||    95
